AoeStats
← Friki-Cat

Arena

510581801Analyzed
1v1 RM · 7h ago on Oct 1, 2026· 27m 28s· 2 players
Game mode
Random Map
Map size
Tiny (2 player)
Population
200
Speed
Normal
Resources
Standard
Victory
Conquest
Starting age
Dark Age
Ending age
Imperial Age
RankedLock teamsTeams togetherTeam positionsShared explorationLock speedFull tech treeHidden civsTurbo modeCheats
Victory
Defeat
🇩🇪 Portuguese · Germany
1031
+14
🇵🇪 Turks · Peru
993
-14
Friki-Cat
11:01 Feudal Age
12:57 Horse Collar
16:04 Castle Age
14:30 Double-Bit Axe
20:00 Redemption
22:03 Loom
22:55 Sanctity
23:23 Gold Mining
27:02 Imperial Age
war of attrition
8:42 Loom
10:55 Feudal Age
12:00 Town Watch
16:24 Castle Age
15:04 Double-Bit Axe
15:00 Horse Collar
19:08 Fletching
22:15 Bodkin Arrow
Connection lost

Rejoining the realm…

Still unreachable

The connection could not be restored.

Session expired

The server has moved on; the page needs a fresh start.